 Dungeon Crawl Stone Soup version 0.31.0-4-g52a2dc7128 (webtiles) character file.

Game seed: 15842896611942258280

2 BeingJoeMalik the Conjurer (level 1, 0/10 HPs)
             Began as a Gargoyle Conjurer on Jan 22, 2024.
             Slain by a jackal (1 damage)
             ... on level 1 of the Dungeon.
             The game lasted 00:01:00 (127 turns).

BeingJoeMalik the Conjurer (Gargoyle Conjurer)       Turns: 127, Time: 00:01:00

Health: 0/10       AC:  4    Str: 10    XL:     1   Next: 40%
Magic:  0/3        EV: 11    Int: 18    God:
Gold:   8          SH:  0    Dex:  8    Spells: 3/4 levels left

rFire   . . .        (no weapon)
rCold   . . .        (no shield)
rNeg    + . .        a - +0 robe
rPois   ∞            (no helmet)
rElec   +            (no cloak)
rCorr   .            (no gloves)
SInv    .            (no boots)
Will    .....        (no amulet)
Stlth   ++           (no ring)
HPRegen 0.21/turn    (no ring)
MPRegen 0.08/turn

%: no passive effects
@: no status effects
A: sickness immunity, AC +2, negative energy resistance 1, electricity
resistance, torment resistance 1, petrification resistance
a: no special abilities


You were on level 1 of the Dungeon.
You visited 1 branch of the dungeon, and saw 1 of its levels.

You collected 8 gold pieces.

Inventory:

Armour
 a - a +0 robe (worn)


   Skills:
 - Level 1.5 Dodging
 - Level 2.1 Stealth
 - Level 2.0 Spellcasting
 + Level 4.5 Conjurations


You had 3 spell levels left.
You knew the following spells:

 Your Spells              Type           Power      Damage    Failure   Level
a - Magic Dart            Conj           72%        1d6       2%          1

Your spell library contained the following spells:

 Spells                   Type           Power      Damage    Failure   Level
 Searing Ray              Conj           36%        2d5       4%          2
 Fulminant Prism          Conj/Alch      5%         3d7       56%         4
 Iskenderun's Mystic Bla  Conj/Tloc      10%        2d4       56%         4


Dungeon Overview and Level Annotations

Branches:
Dungeon (1/15)

Altars:


Innate Abilities, Weirdness & Mutations

You are immune to sickness and miasma.
Your stone body is resilient. (AC +2)
You are immune to poison.
You resist negative energy. (rN+)
You are resistant to electric shocks. (rElec)
You are resistant to unholy torment.
You are immune to petrification.


Message History

* * * LOW HITPOINT WARNING * * *
Unknown command.
Unknown command.
You aren't carrying any potions.
The jackal bites you but does no damage.
Casting: Magic Dart (safe; 2% risk of failure)
Confirm with . or Enter, or press ? or * to list all spells.
Aiming: Magic Dart (safe; 2% risk of failure)
Press: ? - help, Shift-Dir - straight line, f - jackal
Aim: a jackal (heavily wounded, 100% to hit)
The magic dart hits the jackal.
The jackal is severely wounded.
The jackal barely misses you.
Unknown command.
There is an open door here.
The jackal bites you.
* * * LOW HITPOINT WARNING * * *
You hit the jackal but do no damage.
The jackal is severely wounded.
The jackal bites you but does no damage.
You closely miss the jackal.
The jackal is severely wounded.
The jackal closely misses you. x2
The jackal attacks as it pursues you! The jackal barely misses you.
You closely miss the jackal.
The jackal is severely wounded.
The jackal closely misses you.
You barely miss the jackal.
The jackal is severely wounded.
The jackal bites you.
* * * LOW HITPOINT WARNING * * *
The jackal bites you but does no damage.
Unknown command.
You barely miss the jackal.
The jackal is severely wounded.
The jackal closely misses you.
You barely miss the jackal.
The jackal is severely wounded.
The jackal misses you. The jackal bites you.
You die...

#.##...~♣~...##.#~#
8.''...♣8♣...''.8♣
#.##...~♣~...##.#~#
#.8#.........#8.###
#.##♣.......♣##.#
#'##♣~...).~♣##+##
8.8##♣##+##♣##8.8#
...###8#+#8###...#
...'..§§§§§..'.h@#
...##8##§##8##...#
(.8#~♣~#§#~♣~#8.>#
#####♣##§##♣######
≈≈≈≈≈≈§§§≈≈≈≈≈≈≈≈
#######...#.##.
###...# ###.# #†#


You could see a jackal.

Vanquished Creatures
  2 jackals (D:1)
2 creatures vanquished.

Notes
Turn   | Place    | Note
-------+----------+-------------------------------------------
     0 | D:1      | BeingJoeMalik the Gargoyle Conjurer began the quest for the
                  | Orb.
     0 | D:1      | Reached XP level 1. HP: 10/10 MP: 3/3
   127 | D:1      | Slain by a jackal

Illustrated notes

Levels and vault maps discovered:
D:1:      saegor_arrival_fortress, layout_loops_ring, minmay_lizard_king

Action                     || total
---------------------------++-------
  Melee: Unarmed           ||    32
         Punch             ||     1
   Cast: Magic Dart        ||    10
    Use: Scroll            ||     1
         Potion            ||     1
 Armour: Robe              ||    30
  Dodge: Dodged            ||    35
